 Dungeon Crawl Stone Soup version 0.21.1-1-g345015f (webtiles) character file.

35 inc the Chiller (level 3, 14/14 HPs)
             Began as a Felid Ice Elementalist on Feb 21, 2018.
             Quit the game on level 3 of the Dungeon.
             The game lasted 00:04:34 (3183 turns).

inc the Chiller (Felid Ice Elementalist)            Turns: 3183, Time: 00:04:35

Health: 14/14      AC:  1    Str:  4    XL:     3   Next: 16%
Magic:  7/7        EV: 18    Int: 17    God:
Gold:   214        SH:  0    Dex: 16    Spells: 5/6 levels left
                                        Lives:  0   Deaths: 1

rFire    . . .     SeeInvis +   (weapon unavailable)
rCold    . . .     Gourm    .   (shield unavailable)
rNeg     . . .     Faith    .   (armour unavailable)
rPois    .         Spirit   .   (helmet unavailable)
rElec    .         Reflect  .   (cloak unavailable)
rCorr    .         Harm     .   (gloves unavailable)
MR       .....                  (boots unavailable)
Stlth    +++.......             (no amulet)
HPRegen  0.04/turn              (no ring)
MPRegen  0.10/turn              (no ring)

@: quick
A: very small, no armour, no weapons or thrown items, stealth, claws 1, fangs 3,
see invisible, carnivore, speed 1, shaggy fur 1, slow metabolism 1, sharp paws
a: no special abilities


You were on level 3 of the Dungeon.
You were not hungry.

You visited 1 branch of the dungeon, and saw 4 of its levels.

You collected 214 gold pieces.

Inventory:

Jewellery
 n - a cursed ring of loudness {unknown}
Scrolls
 c - 3 scrolls of teleportation {unknown}
 f - 2 scrolls of identify {unknown}
 g - 4 scrolls of remove curse {unknown}
 l - a scroll of fog {unknown}
 p - a scroll of amnesia {unknown}
Potions
 d - 2 potions of lignification {unknown}
 e - a potion of curing {unknown}
 h - 2 potions of agility {unknown}
 i - 2 potions of heal wounds {unknown}
 j - a potion of ambrosia {unknown}
 k - a potion of brilliance {unknown}
 m - 2 potions of flight {unknown}
 o - a potion of might {unknown}
Books
 a - a book of Frost

   Spells                             Type                      Level
   a - Freeze                         Ice                          1
   b - Throw Frost                    Conjuration/Ice              2
   c - Ozocubu's Armour               Charms/Ice                   3
   d - Throw Icicle                   Conjuration/Ice              4
   e - Summon Ice Beast               Ice/Summoning                4
Comestibles
 b - 5 rations


   Skills:
 - Level 2.6 Dodging
 - Level 2.6 Stealth
 - Level 2.0 Spellcasting
   Level 0.8 Conjurations
 + Level 4.6 Ice Magic


You had 5 spell levels left.
You knew the following spells:

 Your Spells              Type           Power        Failure   Level  Hunger
a - Freeze                Ice            ###.         3%          1    #......


Dungeon Overview and Level Annotations

Branches:
Dungeon (4/15)
 Temple: D:4-7

Altars:
Hepliaklqana
Nemelex Xobeh
Okawaru
Vehumet

Annotations:
D:3 shakethe's ghost, amateur DECj


Innate Abilities, Weirdness & Mutations

You cannot wear armour.
You are incapable of wielding weapons or throwing items.
Your paws allow you to move quietly. (Stealth)
You have sharp claws.
You have razor-sharp teeth.
You have supernaturally acute eyesight. (SInv)
You are carnivorous and can eat meat at any time.
You cover ground quickly.
You are covered in fur. (AC +1)
You have a slow metabolism.
Your sharp claws are effective at attacking unaware monsters.


Message History

Confirm with . or Enter, or press ? or * to list all spells.
You can't see any susceptible monsters within range! (Use Z to cast anyway.) Unknown command.
There is a stone staircase leading down here.
You see here a jackal corpse.
You scratch shakethe's ghost but do no damage.
Shakethe's ghost hits you.
You are poisoned.
You scratch shakethe's ghost.
Shakethe's ghost is lightly damaged.
You feel sick. Shakethe's ghost hits you.
You are lethally poisoned!
You feel sick.
Shakethe's ghost points at you and mumbles some strange words.
The spray of energy hits you!
Ouch! That really hurt!
You die...
You are now level 3!
You rejoin the land of the living...
Are you sure you want to abandon this character and quit the game? (Confirm with "yes".)

#..................<....#
####.#.##.##..#..##..##.#
#.#.##.##..#..##..##.######
#.#.##.##..#..##..........#
#.#.##.##..#..##.###..#####
#.#.##........##.# #..#
#######.#.#####.#...##.# #..#
.....#########....>.##.# #..#
######..###..##.@......###..#
#####.#..#..#.##............#
.##..[.#..#..#_##...##.###..#
.##.##..#..#..###...##.# #..#
....##...#...## #...##.###..#
.##.########### #...........#
.........#....# #...........#
.##.###..#.##.# #.#.####.#.##
.##.# #..#.##.# #.#.####.#.#


There were no monsters in sight!

Vanquished Creatures
  An adder (D:3)
  An ooze (D:1)
  2 worms (D:3)
  A dart slug (D:3)
  A leopard gecko (D:1)
  4 orcs (D:3)
  2 giant cockroaches
  9 goblins
  6 hobgoblins
  4 jackals
  3 quokkas
  4 bats
  2 frilled lizards
  5 kobolds
  3 rats
48 creatures vanquished.

Notes
Turn   | Place    | Note
-------+----------+-------------------------------------------
     0 | D:1      | inc the Felid Ice Elementalist began the quest for the Orb.
     0 | D:1      | Reached XP level 1. HP: 7/7 MP: 4/4
   199 | D:1      | Reached skill level 3 in Ice Magic
   223 | D:1      | Reached XP level 2. HP: 7/11 MP: 1/6
   961 | D:2      | Reached XP level 3. HP: 10/14 MP: 4/7
  1263 | D:2      | Reached skill level 4 in Ice Magic
  1315 | D:2      | Found a sparkling altar of Nemelex Xobeh.
  1950 | D:3      | Found a radiant altar of Vehumet.
  2376 | D:3      | Found a hazy altar of Hepliaklqana.
  2501 | D:3      | Reached XP level 4. HP: 12/18 MP: 4/8
  2672 | D:3      | Found an iron altar of Okawaru.
  3127 | D:3      | Noticed shakethe's ghost (amateur DECj)
  3182 | D:3      | Killed from afar by shakethe's ghost
  3183 | D:3      | Reached XP level 3. HP: -10/14 MP: 5/7
  3183 | D:3      | Quit the game

Skill      XL: |  1  2  3 |
---------------+----------+-----
Ice Magic      | 3 4 |  4.6
Dodging        | |  2.6
Stealth        | |  2.6
Spellcasting   | |  2.0
Conjurations   | |  0.8

Action                   |  1- 3 |  4- 6 || total
-------------------------+-------+-------++-------
Melee: Unarmed           |    10 |     2 ||    12
 Cast: Freeze            |    73 |     6 ||    79
 Stab: Sleeping          |     6 |       ||     6
  Eat: Chunk             |     8 |     1 ||     9
Armor: Skin              |     5 |       ||     5
Dodge: Dodged            |    52 |    10 ||    62
